 Dungeon Crawl Stone Soup version 0.29-a0-994-gc5c9f59d18 (webtiles) character file.

Game seed: 10451013678077245645

473 vurker the Insei (level 7, -17/36 HPs)
             Began as a Vine Stalker Enchanter on Aug 3, 2022.
             Was an Initiate of Makhleb.
             Demolished by an orc warrior
             ... wielding a +0 flail
              (19 damage)
             ... on level 5 of the Dungeon.
             The game lasted 00:06:53 (4653 turns).

vurker the Insei (Vine Stalker Enchanter)           Turns: 4653, Time: 00:06:53

Health: -17/36     AC: 11    Str: 12    XL:     7   Next: 10%
Magic:  0/11       EV: 10    Int: 15    God:    Makhleb [......]
Gold:   288        SH:  0    Dex: 15    Spells: 10/10 levels left

rFire   . . .      SeeInvis .   a - +1 dagger
rCold   . . .      Faith    .   (no shield)
rNeg    . . .      Spirit   +   o - +0 ring mail
rPois   .          Reflect  .   (no helmet)
rElec   .          Harm     .   (no cloak)
rCorr   .          Rampage  .   l - +0 pair of gloves
Will    .....                   b - +0 pair of boots
Stlth   ++........              r - amulet of the acrobat
HPRegen 0.92/turn               p - +4 ring of protection
MPRegen 0.12/turn               (no ring)

@: no status effects
A: fangs 2, regeneration 1, magic shield, antimagic bite, no potion heal 2
a: Renounce Religion


You were on level 5 of the Dungeon.
You worshipped Makhleb.
Makhleb was noncommittal.
You visited 2 branches of the dungeon, and saw 9 of its levels.

You collected 288 gold pieces.

Inventory:

Hand Weapons
 a - a +1 dagger (weapon)
Armour
 b - a +0 pair of boots (worn)
   (You found it on level 4 of the Dungeon)
 l - a +0 pair of gloves (worn)
   (You found it on level 1 of the Dungeon)
 o - a +0 ring mail (worn)
   (You found it on level 2 of the Dungeon)
Jewellery
 p - a +4 ring of protection (left hand)
   (You found it on level 4 of the Dungeon)
 r - an amulet of the acrobat (around neck)
   (You found it on level 4 of the Dungeon)
Scrolls
 h - 2 scrolls of vulnerability
Potions
 c - 2 potions of invisibility
 e - 4 potions of curing
 f - a potion of berserk rage {unknown}
 g - a potion of haste {unknown}
 i - 4 potions of might
 m - a potion of cancellation {unknown}
 q - a potion of ambrosia {unknown}
 t - a potion of magic {unknown}


   Skills:
 + Level 3.2 Fighting
 - Level 0.8 Short Blades
 - Level 1.5 Dodging
 - Level 3.6 Stealth
 * Level 5.3 Unarmed Combat
 - Level 2.1 Spellcasting
 - Level 3.0 Hexes
 + Level 2.3 Invocations


You had 10 spell levels left.
You didn't know any spells.
Your spell library contained the following spells:

 Spells                   Type           Power      Damage    Failure   Level
 Slow                     Hex            40%        N/A       14%         1
 Ensorcelled Hibernation  Hex/Ice        12%        N/A       38%         2
 Confusing Touch          Hex            10%        N/A       41%         3
 Tukima's Dance           Hex            10%        N/A       41%         3
 Static Discharge         Conj/Air       1%         3-4/arc   58%         2
 Dazzling Flash           Conj/Hex       12%        N/A       63%         3
 Conjure Flame            Conj/Fire      1%         6-21      83%         3
 Ignite Poison            Fire/Tmut/Pois 1%         N/A       83%         3
 Leda's Liquefaction      Hex/Erth       3%         N/A       95%         4
 Animate Armour           Summ/Erth      2%         N/A       99%         4
 Dispel Undead            Necr           1%         3d6       99%         4
 Sticky Flame             Conj/Fire      1%         2d3       99%         4
 Blade Hands              Tmut           0%         N/A       100%        5
 Lee's Rapid Deconstruct  Erth           0%         3d5*      100%        5
 Silence                  Hex/Air        3%         N/A       100%        5
 Summon Mana Viper        Hex/Summ       6%         N/A       100%        5
 Iron Shot                Conj/Erth      0%         9d1       100%        6
 Statue Form              Tmut/Erth      0%         N/A       100%        6


Dungeon Overview and Level Annotations

Branches:
Dungeon (8/15)             Temple (1/1) D:4
   Lair: D:8-11

Altars:
Cheibriados
Makhleb
Nemelex Xobeh
Qazlal
Sif Muna
Trog
Wu Jian
The Shining One


Innate Abilities, Weirdness & Mutations

You have extremely sharp teeth.
Your natural rate of healing is unusually fast.
When hurt, damage is shared between your health and your magic reserves.
Your bite disrupts and absorbs the magic of your enemies.
Potions cannot restore your health.


Message History

Makhleb accepts your kill.
The roots release their grip on the orc priest.
The roots release their grip on the orc wizard.
The orc wizard mumbles some strange words.
The orc wizard flickers and vanishes!
Deactivating autopickup; reactivate with Ctrl-A.
The orc priest barely misses you. The orc warrior misses you.
You barely miss the orc warrior.
The grasping roots constrict the orc warrior.
The roots release their grip on the orc warrior.
The orc priest hits you but does no damage.
You closely miss the orc warrior. Your bite misses the orc warrior.
The orc barely misses you.
The orc priest hits you but does no damage.
Something hits you.
The orc warrior hits you but does no damage.
The roots erupt in riotous growth!
Roots grab the orc.
Roots grab the orc warrior.
Roots grab the orc priest.
The now-empty wand crumbles to dust.
The grasping roots constrict the orc warrior.
The grasping roots constrict the orc priest.
You kill the orc priest!
Makhleb accepts your kill.
The grasping roots constrict the orc.
You hear some strange, mumbled words.
A magic dart appears from out of thin air!
The magic dart hits you! The orc closely misses you.
The orc warrior hits you with a +0 flail.
* * * LOW HITPOINT WARNING * * *
You hit the orc warrior but do no damage.
You bite the orc warrior, but do no damage.
The grasping roots constrict the orc warrior.
The grasping roots constrict the orc.
You kill the orc!
Makhleb accepts your kill.
The roots release their grip on the orc warrior.
Something hits you but does no damage.
The orc warrior hits you with a +0 flail!
* * * LOW HITPOINT WARNING * * *
You hit the orc warrior. Your bite misses the orc warrior.
You hear some strange, mumbled words.
A magic dart appears from out of thin air!
The magic dart hits you!
* * * LOW HITPOINT WARNING * * *
The orc warrior barely misses you.
You hit the orc warrior. Something hits you but does no damage.
The orc warrior hits you with a +0 flail!!
Ouch! That really hurt!
You die...

#...... ##.........
##..........>
#..........!.
#............
#............ ###
##........... ..#
##............ ..#
### #..#.@{.......
..##
#.####.###o)...)...
...####...#.##
##.)......
............#
#........
............###
##.......
.###..........##
##..... .#
###.........# #..##
.# ##.........##
### ##
#...........##


You could see an orc warrior.

Vanquished Creatures
  A yak (D:7)
  An ice beast (D:7)
  A jelly (D:6)
  An orc priest (D:5)
  An iguana (D:7)
  3 gnolls (D:3)
  5 adders
  2 worms (D:2)
  4 dart slugs
  2 orcs (D:5)
  3 endoplasms
  2 giant cockroaches
  6 goblins
  7 hobgoblins
  3 quokkas
  13 ball pythons
  8 bats
  4 frilled lizards
  6 kobolds
  3 rats
76 creatures vanquished.

Notes
Turn   | Place    | Note
-------+----------+-------------------------------------------
     0 | D:1      | vurker the Vine Stalker Enchanter began the quest for the
                  | Orb.
     0 | D:1      | Reached XP level 1. HP: 9/9 MP: 4/4
    10 | D:1      | Got the Omnibus of Dried Tears
   217 | D:1      | Reached skill level 1 in Unarmed Combat
   275 | D:1      | Reached XP level 2. HP: 14/14 MP: 4/6
   881 | D:2      | Reached skill level 1 in Fighting
  1058 | D:2      | Reached skill level 2 in Unarmed Combat
  1058 | D:2      | Reached XP level 3. HP: 16/18 MP: 5/7
  2207 | D:3      | Gained mutation: Your natural rate of healing is unusually
                  | fast. [Vine Stalker growth]
  2207 | D:3      | Reached XP level 4. HP: 22/22 MP: 8/8
  2252 | D:3      | Found a faded altar of an unknown god.
  2298 | D:3      | Reached skill level 3 in Unarmed Combat
  2460 | D:3      | Found a glowing golden altar of the Shining One.
  3192 | D:4      | Reached XP level 5. HP: 26/26 MP: 9/9
  3382 | D:4      | Found a staircase to the Ecumenical Temple.
  3436 | Temple   | Entered the Ecumenical Temple
  3443 | Temple   | Became a worshipper of Makhleb the Destroyer
  4254 | D:5      | Entered Level 5 of the Dungeon
  4279 | D:5      | You fall into a shaft and drop 3 floors!
  4297 | D:8      | Noticed a kobold brigand
  4393 | D:7      | Noticed an ice beast
  4411 | D:8      | Noticed a yak
  4411 | D:8      | Noticed a yak
  4411 | D:8      | Noticed a yak
  4411 | D:8      | Noticed a yak
  4426 | D:7      | Killed an ice beast
  4427 | D:7      | Reached skill level 4 in Unarmed Combat
  4427 | D:7      | Reached skill level 1 in Invocations
  4427 | D:7      | Reached XP level 6. HP: 32/32 MP: 10/10
  4439 | D:7      | Killed a yak
  4440 | D:7      | Reached skill level 5 in Unarmed Combat
  4585 | D:6      | Found an ornate altar of the Wu Jian Council.
  4591 | D:6      | Reached XP level 7. HP: 35/36 MP: 9/11
  4652 | D:5      | HP: 1/36 [something/magic dart (8)]
  4653 | D:5      | Demolished by an orc warrior

Illustrated notes

Levels and vault maps discovered:
D:1:      lightli_arrival_boilingwater, layout_basic,
          wander_ebering_terrifying_dragon_lair
D:2:      layout_loops_ring, minmay_unequal
D:3:      layout_basic, nicolae_overflow_hidden_temple,
          hellmonk_ecumenical_altar_zigzags, kennysheep_generic_room_12
D:4:      layout_gridville, minmay_temple_entry_poolview, grunt_decor_fettered
D:5:      layout_cave_pods
D:6:      layout_rooms, mainiacjoe_overflow_boulevard,
          mainiacjoe_overflow_24_doors
D:7:      layout_layer_cave, zin_academy
D:8:      layout_loops_corners, nicolae_gozag_cash_rules_everything_around_me,
          nicolae_ossuary_entry_catacombs
Temple:   hellmonk_temple_of_storms

Skill      XL: |  1  2  3  4  5  6 |
---------------+-------------------+-----
Unarmed Combat | 1 2 3 4 5 |  5.3
Fighting       | 1 2 3 |  3.2
Invocations    | 1 2 |  2.3
Short Blades   | |  0.8
Dodging        | |  1.5
Stealth        | |  3.6
Spellcasting   | |  2.1
Hexes          | |  3.0

Action                   |  1- 3 |  4- 6 |  7- 9 || total
-------------------------+-------+-------+-------++-------
Melee: Dagger            |    95 |   142 |     7 ||   244
       Bite              |    18 |    41 |     1 ||    60
       Punch             |     1 |     2 |       ||     3
Evoke: Wand              |       |     3 |     2 ||     5
  Use: Scroll            |     6 |     3 |       ||     9
 Stab: Sleeping          |    12 |     6 |       ||    18
       Distracted        |       |     1 |       ||     1
Armor: Robe              |    21 |     3 |       ||    24
       Ring mail         |       |    27 |     6 ||    33
Dodge: Dodged            |    56 |    68 |     8 ||   132

Table legend: (Time is in decaauts)
 A = Elapsed time spent in this place.
 B = Non-inter-level travel time spent in this place.
 C = Inter-level travel time spent in this place.
 D = Time resting spent in this place.
 E = Time spent auto-exploring this place.
 F = Levels seen in this place.
 G = Mean time per level.
                   A        B        C        D        E       F      G
               +--------+--------+--------+--------+--------+-----+--------+
         Total |   4648 |   4275 |    373 |     16 |   3389 |   9 |  516.4 |
       Dungeon |   4635 |   4266 |    369 |     16 |   3389 |   8 |  579.4 |
        Temple |     12 |      8 |      4 |      0 |      0 |   1 |   12.0 |
               +--------+--------+--------+--------+--------+-----+--------+

Top non-repeatable levels by time:
     D:2: 1153 daAuts
     D:4: 1132 daAuts
     D:1: 985 daAuts
     D:3: 966 daAuts
     D:7: 274 daAuts
     D:5: 63 daAuts
     D:8: 30 daAuts
     D:6: 29 daAuts
  Temple: 12 daAuts
